 Dungeon Crawl Stone Soup version 0.28.0-53-g5a82cb258f (webtiles) character file.

Game seed: 2058710258497544592

1806 hawla the Cleaver (level 8, -4/68 HPs)
             Began as a Minotaur Gladiator on Aug 7, 2022.
             Was an Initiate of Makhleb.
             Slain by Joseph
             ... wielding a +0 quarterstaff
              (12 damage)
             ... on level 8 of the Dungeon.
             The game lasted 00:12:22 (8857 turns).

hawla the Cleaver (Minotaur Gladiator)              Turns: 8857, Time: 00:12:22

Health: -4/68      AC:  8    Str: 20    XL:     8   Next: 84%
Magic:  10/10      EV: 11    Int:  7    God:    Makhleb [......]
Gold:   373        SH:  0    Dex: 13    Spells: 8/11 levels left

rFire   . . .      SeeInvis .   m - +2 war axe (venom)
rCold   . . .      Faith    .   (no shield)
rNeg    . . .      Spirit   .   h - +1 scale mail
rPois   +          Reflect  .   c - +0 hat
rElec   .          Harm     .   (no cloak)
rCorr   .          Rampage  .   (no gloves)
Will    .....                   (no boots)
Stlth   +.........              (no amulet)
HPRegen 0.21/turn               v - ring of flight
MPRegen 0.12/turn               (no ring)

@: flying, invisible
A: horns 2, retaliatory headbutt, camouflage 1, agile 1, poison resistance,
noise suppression
a: Renounce Religion


You were on level 8 of the Dungeon.
You worshipped Makhleb.
Makhleb was noncommittal.
You visited 2 branches of the dungeon, and saw 9 of its levels.
You also visited: Ossuary.

You collected 373 gold pieces.

Inventory:

Hand Weapons
 m - a +2 war axe of venom (weapon)
Missiles
 b - 18 poisoned darts (quivered)
 d - 3 throwing nets
 q - 9 boomerangs
 z - 6 curare-tipped darts
Armour
 c - a +0 hat (worn)
 h - a +1 scale mail (worn)
Jewellery
 v - a ring of flight (left hand)
 y - an amulet of faith
Wands
 s - a wand of digging (8)
 x - a wand of flame (26)
Scrolls
 a - 5 scrolls of identify
 n - 3 scrolls of teleportation
 o - a scroll of vulnerability {unknown}
 r - a scroll of blinking
 t - a scroll of fear {unknown}
 u - a scroll of brand weapon {unknown}
Potions
 f - 3 potions of attraction {unknown}
 g - 3 potions of lignification {unknown}
 i - 4 potions of brilliance {unknown}
 j - a potion of flight
 k - a potion of magic
 l - 3 potions of curing {unknown}
 p - 2 potions of might {unknown}
 w - a potion of haste


   Skills:
 + Level 5.2 Fighting
 + Level 9.1 Axes
 + Level 2.2 Throwing
 + Level 6.4 Armour
 - Level 3.8 Dodging
 * Level 2.0 Spellcasting
 * Level 2.2 Conjurations
 * Level 2.3 Earth Magic


You had 8 spell levels left.
You knew the following spells:

 Your Spells              Type           Power      Damage    Failure   Level
a - Stone Arrow           Conj/Erth      6%         3d7       75%         3

Your spell library contained the following spells:

 Spells                   Type           Power      Damage    Failure   Level
 Sting                    Tmut/Pois      0%         1d3       69%         1
 Poisonous Vapours        Pois/Air       0%         N/A       83%         2
 Animate Armour           Summ/Erth      4%         N/A       99%         4
 Animate Dead             Necr           0%         N/A       100%        4
 Olgreb's Toxic Radiance  Pois           0%         N/A       100%        4
 Borgnjor's Vile Clutch   Necr/Erth      1%         N/A       100%        5
 Freezing Cloud           Conj/Ice/Air   0%         6-21      100%        5
 Death Channel            Necr           0%         N/A       100%        6
 Simulacrum               Ice/Necr       0%         N/A       100%        6
 Lehudib's Crystal Spear  Conj/Erth      1%         10d2      100%        8
 Polar Vortex             Ice            0%         N/A       100%        9


Dungeon Overview and Level Annotations

Branches:
Dungeon (8/15)             Temple (1/1) D:7         Ossuary (visited)
   Lair: D:8-11

Altars:
Ashenzari
Cheibriados
Elyvilon
Fedhas
Gozag
Kikubaaqudgha
Makhleb
Nemelex Xobeh
Qazlal
Ru
Sif Muna
Trog
Uskayaw
Vehumet
Wu Jian
Xom
Zin
The Shining One

Shops:
D:1 =

Annotations:
D:8 Joseph


Innate Abilities, Weirdness & Mutations

You have a pair of horns on your head.
You reflexively headbutt those who attack you in melee.
Your skin changes colour to match your surroundings (Stealth+).
You are agile. (Dex +2)
Your system is resistant to poisons. (rPois)
You passively dampen the noise of your surroundings.


Message History

You slash the bullfrog!
The bullfrog is poisoned.
You headbutt the bullfrog!
The bullfrog is almost dead.
The bullfrog hits you.
You closely miss the bullfrog.
The bullfrog is almost dead.
You kill the bullfrog!
Makhleb accepts your kill.
Your Spellcasting skill increases to level 2!
No target in view!
Magic restored.
Found a helmet.
You see here a +0 helmet.
You now have 373 gold pieces (gained 15).
Joseph, a Mercenary comes into view.
He is wielding a +0 quarterstaff.
Joseph shouts!
Joseph unwields a +0 quarterstaff.
Joseph wields a +1 hunting sling of flaming.
It bursts into flame!
Joseph shoots a sling bullet.
The sling bullet hits you! The sling bullet burns you.
Joseph is nearby!
Joseph is nearby!
Joseph shoots a sling bullet.
The sling bullet hits you! The sling bullet burns you.
Joseph shoots a sling bullet.
The sling bullet closely misses you.
Joseph shoots a sling bullet.
The sling bullet hits you! The sling bullet burns you.
You are too injured to fight recklessly!
You are too injured to fight recklessly!
You are too injured to fight recklessly!
Joseph unwields a +1 hunting sling of flaming.
It stops flaming.
Joseph wields a +0 quarterstaff.
Joseph hits you with a +0 quarterstaff!
* * * LOW HITPOINT WARNING * * *
You slash Joseph!
Joseph is poisoned.
Joseph is lightly wounded.
Joseph hits you with a +0 quarterstaff!
* * * LOW HITPOINT WARNING * * *
You fade into invisibility!
Joseph hits you with a +0 quarterstaff!
You die...

##...## #.#
#'## #.# .#
#.# # #.# #.#
#.# #.#
..##########.#
......@@.....#
.#############


You could see Joseph (very poisoned).

Vanquished Creatures
  Prince Ribbit (D:8)
  A steam dragon (D:6)
  2 ogres (D:6)
  3 centaurs
  A kobold brigand (D:5)
  2 bullfrogs
  A wyvern skeleton (D:5)
  A wight (D:8)
  2 howler monkeys
  A human zombie (Ossuary)
  3 hounds
  An orc priest (D:7)
  A gnoll shaman (D:7)
  A jelly (D:5)
  Jessica (D:2)
  3 iguanas
  An orc wizard (D:7)
  A hound zombie (Ossuary)
  5 mummies
  11 gnolls
  3 adders
  A shadow imp (D:7)
  A white imp (D:5)
  An adder zombie (Ossuary)
  A worm (D:3)
  4 dart slugs
  19 orcs
  8 ball pythons
  6 bats
  6 endoplasms
  9 giant cockroaches
  2 gnoll zombies (Ossuary)
  9 goblins
  7 hobgoblins
  13 kobolds
  3 quokkas
  A frilled lizard (D:3)
  2 goblin zombies
  3 hobgoblin zombies
  A jackal zombie (Ossuary)
  A kobold zombie (Ossuary)
  An orc zombie (Ossuary)
  A quokka skeleton (D:4)
  7 rats
  A rat zombie (Ossuary)
154 creatures vanquished.

Vanquished Creatures (others)
  An orc wizard (D:7)
1 creature vanquished.

Grand Total: 155 creatures vanquished

Notes
Turn   | Place    | Note
-------+----------+-------------------------------------------
     0 | D:1      | hawla the Minotaur Gladiator began the quest for the Orb.
     0 | D:1      | Reached XP level 1. HP: 18/18 MP: 0/0
   154 | D:1      | Reached XP level 2. HP: 25/25 MP: 1/1
   159 | D:1      | Found a faded altar of an unknown god.
   270 | D:1      | Reached skill level 4 in Axes
   422 | D:1      | Reached XP level 3. HP: 19/30 MP: 2/2
   896 | D:1      | Found Jibuupao's Jewellery Shop.
  1324 | D:2      | Noticed Jessica
  1329 | D:2      | Killed Jessica
  1330 | D:2      | Reached skill level 1 in Armour
  1330 | D:2      | Reached XP level 4. HP: 27/38 MP: 3/3
  1723 | D:3      | Reached skill level 5 in Axes
  2446 | D:4      | Found a sand-covered staircase.
  2452 | D:4      | Reached XP level 5. HP: 41/45 MP: 4/4
  2455 | Ossuary  | Entered an ossuary
  2767 | Ossuary  | Reached skill level 6 in Axes
  3048 | D:4      | Reached XP level 6. HP: 52/52 MP: 5/5
  3871 | D:4      | Gained mutation: Your skin changes colour to match your
                  | surroundings (Stealth+). [potion of mutation]
  3871 | D:4      | Gained mutation: Your system is resistant to poisons.
                  | (rPois) [potion of mutation]
  3871 | D:4      | Gained mutation: You are agile. (Dex +2) [potion of
                  | mutation]
  3871 | D:4      | Gained mutation: You passively dampen the noise of your
                  | surroundings. [potion of mutation]
  3878 | D:5      | Entered Level 5 of the Dungeon
  3881 | D:5      | Identified a scroll of acquirement
  3881 | D:5      | Acquired a +1 war axe of venom
  4129 | D:5      | Found a broken altar of Ashenzari.
  4142 | D:5      | Reached skill level 7 in Axes
  4247 | D:5      | Reached XP level 7. HP: 55/59 MP: 6/6
  4451 | D:5      | Learned a level 3 spell: Stone Arrow
  4610 | D:5      | Found an opulent altar of Gozag.
  4983 | D:6      | Noticed a steam dragon
  4993 | D:6      | Killed a steam dragon
  5321 | D:6      | Reached skill level 5 in Armour
  5321 | D:6      | Reached skill level 1 in Earth Magic
  5326 | D:6      | Reached skill level 1 in Conjurations
  5607 | D:6      | Reached skill level 8 in Axes
  5607 | D:6      | Reached skill level 1 in Spellcasting
  5857 | D:6      | Reached XP level 8. HP: 40/67 MP: 8/8
  6077 | D:6      | Found a burning altar of Makhleb.
  6484 | D:7      | Found a staircase to the Ecumenical Temple.
  6611 | Temple   | Entered the Ecumenical Temple
  7169 | D:6      | Became a worshipper of Makhleb the Destroyer
  7277 | D:7      | Noticed a +0 falchion
  7277 | D:7      | Noticed a +0 short sword
  7277 | D:7      | Noticed a +0 dagger
  7277 | D:7      | Noticed a +0 spear
  7277 | D:7      | Noticed a +0 falchion
  7277 | D:7      | Noticed a +0 dagger
  7278 | D:7      | Noticed a +0 spear
  7279 | D:7      | Noticed a +0 short sword
  7285 | D:7      | Found a hide-covered altar of Uskayaw.
  8501 | D:8      | Reached skill level 5 in Fighting
  8501 | D:8      | Noticed Prince Ribbit
  8532 | D:8      | Killed Prince Ribbit
  8533 | D:8      | Reached skill level 9 in Axes
  8850 | D:8      | Noticed Joseph
  8857 | D:8      | Slain by Joseph

Illustrated notes

Levels and vault maps discovered:
D:1:      dpeg_arrival_prison, layout_loops_ring, serial_shops, shop,
          ebering_ecumenical_altar_ruins, chequers_jeans, moated_statue
D:2:      layout_loops_cross, uniq_jessica
D:3:      layout_rooms
D:4:      minmay_skewed_foursquare, layout_cave_pods, nicolae_ossuary_entry_giza
D:5:      layout_cave_pods, nicolae_gozag_cash_rules_everything_around_me,
          mainiacjoe_overflow_chevrons
D:6:      layout_basic, makhleb_heckhound_becter
D:7:      layout_gridville, nicolae_uskayaw_en_pointe,
          minmay_temple_entry_drinking_statues
D:8:      layout_loops_corners, david_lair_shrubbed, uniq_joseph, uniq_pikel,
          uniq_prince_ribbit1
Temple:   eino_temple_water

Skill      XL: |  1  2  3  4  5  6  7  8 |
---------------+-------------------------+-----
Axes           | 4 5 6 7 8 9 |  9.1
Fighting       | 3 4 5 |  5.2
Armour         | 1 2 3 4 5 6 |  6.4
Earth Magic    | 1 2 |  2.3
Conjurations   | 1 2 |  2.2
Spellcasting   | 1 2 |  2.0
Throwing       | |  2.2
Dodging        | |  3.8

Action                   |  1- 3 |  4- 6 |  7- 9 || total
-------------------------+-------+-------+-------++-------
Melee: War axe           |    78 |   145 |   102 ||   325
       Headbutt          |    13 |    30 |    22 ||    65
       Punch             |       |     2 |     5 ||     7
Throw: Dart              |       |     2 |     1 ||     3
  Use: Scroll            |       |    11 |     4 ||    15
       Potion            |       |     1 |     1 ||     2
Armor: Leather armour    |    20 |       |       ||    20
       Scale mail        |    10 |    70 |    39 ||   119
Dodge: Dodged            |    51 |    89 |    69 ||   209
